 Dungeon Crawl Stone Soup version 0.24.1 (console) character file.

Game seed: 13168233908293653149, levelgen mode: deterministic

447 Kagalorn the Cudgeler (level 7, -1/59 HPs)
             Began as a Gnoll Chaos Knight on Apr 1, 2020.
             Was a Plaything of Xom.
             Engulfed by a cloud of flame (27 damage)
             ... in an ossuary.
             The game lasted 00:11:29 (3600 turns).

Kagalorn the Cudgeler (Gnoll Chaos Knight)          Turns: 3600, Time: 00:11:30

Health: -1/59      AC:  6    Str: 15    XL:     7   Next: 3%
Magic:  10/10      EV: 13    Int: 17    God:    Xom [....*.]
Gold:   241        SH:  0    Dex: 15    Spells: 10/10 levels left

rFire    . . .     SeeInvis .   a - +0 flail
rCold    . . .     Gourm    .   (no shield)
rNeg     . . .     Faith    .   p - +3 leather armour
rPois    .         Spirit   .   (no helmet)
rElec    .         Reflect  .   (no cloak)
rCorr    .         Harm     .   (no gloves)
MR       .....     Clarity  +   (no boots)
Stlth    ++........             (no amulet)
HPRegen  0.19/turn              (no ring)
MPRegen  0.12/turn              (no ring)

@: no status effects
A: distributed training, fangs 1, clarity, clever 1, sense surroundings 1,
strong nose
a: Renounce Religion


You were in an ossuary.
You worshipped Xom.
You were a beloved toy of Xom.
You were near starving.

You visited 1 branch of the dungeon, and saw 4 of its levels.
You also visited: Ossuary.

You collected 241 gold pieces.

Inventory:

Hand Weapons
 a - a +0 flail (weapon)
 b - a +0 hunting sling
 r - a +0 mace of chaos
Missiles
 d - 44 poisoned darts (quivered)
 e - 74 sling bullets
 g - 84 stones
 l - 14 bolts
 o - 55 arrows
 q - 2 throwing nets
Armour
 p - a +3 leather armour (worn)
Magical Staves
 v - an uncursed staff of poison
Jewellery
 t - a cursed ring of ice {unknown}
Scrolls
 f - a scroll of enchant armour
 k - 3 scrolls of teleportation
 u - a scroll of enchant weapon {unknown}
 w - a scroll of magic mapping {unknown}
 x - a scroll of remove curse {unknown}
Potions
 h - a potion of heal wounds {unknown}
 i - 3 potions of curing {unknown}
 j - a potion of flight
 m - a potion of invisibility
 n - a potion of agility {unknown}
 s - a potion of might
 z - a potion of cancellation {unknown}
Comestibles
 c - 4 rations


   Skills:
 + Level 6.9 Fighting
 + Level 2.2 Short Blades
 + Level 2.2 Long Blades
 + Level 2.2 Axes
 + Level 6.9 Maces & Flails
 + Level 2.2 Polearms
 + Level 2.2 Staves
 + Level 2.2 Slings
 + Level 2.2 Bows
 + Level 2.2 Crossbows
 + Level 2.2 Throwing
 + Level 5.1 Armour
 + Level 3.4 Dodging
 + Level 2.2 Stealth
 + Level 2.2 Shields
 + Level 2.2 Unarmed Combat
 + Level 2.2 Spellcasting
 + Level 1.7 Conjurations
 + Level 1.7 Hexes
 + Level 1.7 Charms
 + Level 1.7 Summonings
 + Level 1.7 Necromancy
 + Level 1.7 Translocations
 + Level 1.7 Transmutations
 + Level 1.7 Fire Magic
 + Level 1.7 Ice Magic
 + Level 1.7 Air Magic
 + Level 1.7 Earth Magic
 + Level 1.7 Poison Magic
 + Level 2.4 Invocations
 + Level 2.2 Evocations


You had 10 spell levels left.
You didn't know any spells.
Your spell library was empty.

Dungeon Overview and Level Annotations

Branches:
Dungeon (4/15)             Temple (0/1) D:4         Ossuary (1/1)

Altars:
Cheibriados
Elyvilon
Uskayaw
Xom


Innate Abilities, Weirdness & Mutations

Your experience applies equally to all skills.
You have very sharp teeth.
Your uncanny sense of smell can sniff out nearby items.
You possess an exceptional clarity of mind.
Your mind is acute. (Int +2)
You passively map a small area around you.


Message History

You see here a scroll of identify.
Your crimson imp blinks!
Your crimson imp blinks!
The hobgoblin zombie hits you but does no damage.
The hobgoblin zombie closely misses you.
The hobgoblin zombie barely misses you.
Your crimson imp hits the hobgoblin zombie.
The hobgoblin zombie hits you but does no damage.
Your crimson imp hits the hobgoblin zombie.
The hobgoblin zombie barely misses your crimson imp.
Your crimson imp hits the hobgoblin zombie.
The hobgoblin zombie explodes!
The fiery explosion engulfs you!!
Ouch! That really hurt!
A shower of butterflies erupts from you!
The fiery explosion engulfs your crimson imp.
Your crimson imp completely resists.
You swap places.
You are engulfed in blazing flames.
You die... "Huh?
Did I miss anything?"

################* * *
#........^......
#............... , , ,
#..####..###..#** ,
#..#∆+.Z.#b#..#∆ #
#.^####.Z#@#..#+# ^# *
#........#5#..#.#..#.#.
#......................,
#..####.......###...Z..
* #..#∆+....8...#∆ .Z8..
∆ #..####.......# .Z..
### #.............#,*,
... ... #...............
..,, . #..####..####....
.,


You could see a friendly crimson imp.

Vanquished Creatures
  A hound (D:4)
  3 orc priests (D:3)
  An orc wizard (D:4)
  A centaur skeleton (D:4)
  A worker ant (D:4)
  A hound skeleton (D:3)
  A mummy (D:4)
  3 gnolls (D:2)
  4 adders
  An adder zombie (D:3)
  3 worms
  2 dart slugs
  4 leopard geckos
  9 orcs
  5 giant cockroaches
  A gnoll zombie (Ossuary)
  3 goblins
  7 hobgoblins
  3 jackals (D:3)
  3 quokkas
  A ball python (D:1)
  7 bats
  3 frilled lizards
  2 goblin zombies (Ossuary)
  A hobgoblin zombie (Ossuary)
  7 kobolds
  2 kobold zombies (Ossuary)
  8 rats
88 creatures vanquished.

Vanquished Creatures (collateral kills)
  An elf zombie (Ossuary)
  A hobgoblin zombie (Ossuary)
2 creatures vanquished.

Grand Total: 90 creatures vanquished

Notes
Turn   | Place    | Note
-------+----------+-------------------------------------------
     0 | D:1      | Kagalorn the Gnoll Chaos Knight began the quest for the
                  | Orb.
     0 | D:1      | Reached XP level 1. HP: 23/23 MP: 1/1
    69 | D:1      | XOM: divination: detect creatures
    82 | D:1      | XOM: 1-stop teleportation journey
   211 | D:1      | Reached XP level 2. HP: 29/29 MP: 2/2
   707 | D:1      | XOM: god gift: scroll labeled JAEMIU CIGROG {god gift}
   776 | D:2      | Reached XP level 3. HP: 35/35 MP: 3/3
   903 | D:2      | Reached skill level 1 in Invocations
  1129 | D:2      | Reached skill level 1 in Short Blades
  1129 | D:2      | Reached skill level 1 in Long Blades
  1129 | D:2      | Reached skill level 1 in Axes
  1129 | D:2      | Reached skill level 1 in Polearms
  1129 | D:2      | Reached skill level 1 in Staves
  1129 | D:2      | Reached skill level 1 in Slings
  1129 | D:2      | Reached skill level 1 in Bows
  1129 | D:2      | Reached skill level 1 in Crossbows
  1129 | D:2      | Reached skill level 1 in Throwing
  1129 | D:2      | Reached skill level 1 in Stealth
  1129 | D:2      | Reached skill level 1 in Shields
  1129 | D:2      | Reached skill level 1 in Unarmed Combat
  1129 | D:2      | Reached skill level 1 in Spellcasting
  1129 | D:2      | Reached skill level 1 in Evocations
  1135 | D:2      | Reached XP level 4. HP: 30/41 MP: 5/5
  1324 | D:2      | XOM: cloud trail
  1571 | D:2      | Found a shimmering altar of Xom.
  1596 | D:2      | XOM: give mutation
  1596 | D:2      | Gained mutation: You passively map a small area around you.
                  | [Xom's grace]
  1725 | D:3      | Reached skill level 1 in Conjurations
  1725 | D:3      | Reached skill level 1 in Hexes
  1725 | D:3      | Reached skill level 1 in Charms
  1725 | D:3      | Reached skill level 1 in Summonings
  1725 | D:3      | Reached skill level 1 in Necromancy
  1725 | D:3      | Reached skill level 1 in Translocations
  1725 | D:3      | Reached skill level 1 in Transmutations
  1725 | D:3      | Reached skill level 1 in Fire Magic
  1725 | D:3      | Reached skill level 1 in Ice Magic
  1725 | D:3      | Reached skill level 1 in Air Magic
  1725 | D:3      | Reached skill level 1 in Earth Magic
  1725 | D:3      | Reached skill level 1 in Poison Magic
  1731 | D:3      | HP: 1/41 [orc priest/divine providence (15)]
  1734 | D:3      | Reached XP level 5. HP: 2/47 MP: 6/6
  1861 | D:3      | XOM: silly message
  1899 | D:3      | Found a hide-covered altar of Uskayaw.
  1902 | D:3      | Found a snail-covered altar of Cheibriados.
  2240 | D:3      | Found a white marble altar of Elyvilon.
  2387 | D:3      | XOM: god gift: twisted glowing staff {god gift}
  2405 | D:3      | Reached XP level 6. HP: 32/53 MP: 8/8
  2621 | D:3      | XOM: divination: detect creatures
  2625 | D:3      | XOM: cloud trail
  2833 | D:4      | XOM: noise
  2863 | D:4      | Found a staircase to the Ecumenical Temple.
  2888 | D:4      | XOM: scenery: create altars
  2999 | D:4      | XOM: 2-stop teleportation journey
  3054 | D:4      | XOM: give mutations
  3054 | D:4      | Gained mutation: Your mind is acute. (Int +2) [Xom's grace]
  3054 | D:4      | Gained mutation: You possess an exceptional clarity of
                  | mind. [Xom's grace]
  3084 | D:4      | XOM: cleaving
  3084 | D:4      | Reached skill level 5 in Armour
  3243 | D:4      | XOM: god gift: scroll of teleportation
  3251 | D:4      | Found a sand-covered staircase.
  3256 | D:4      | XOM: enchant monster (good)
  3263 | Ossuary  | Entered an ossuary
  3263 | Ossuary  | Noticed a wraith
  3263 | Ossuary  | Noticed a wraith
  3263 | Ossuary  | Noticed a wraith
  3524 | Ossuary  | XOM: 3-stop teleportation journey
  3565 | Ossuary  | XOM: god gift: scroll labeled EZEXON EFEOGEO {god gift}
  3575 | Ossuary  | XOM: summons friendly crimson imp
  3579 | Ossuary  | Reached XP level 7. HP: 54/59 MP: 10/10
  3599 | Ossuary  | XOM: butterfly on damage
  3600 | Ossuary  | Engulfed by a cloud of flame

Levels and vault maps discovered:
D:1:      dpeg_arrival_line_fractal, layout_basic
D:2:      layout_basic, xom_teletrap_fun, grunt_ministairs_15
D:3:      layout_loops_ring, lemuel_crystal_altar, minitemple, serial_undead,
          serial_undead_a, serial_undead_e, serial_undead_d, serial_undead_e,
          first_ration, hex_medium
D:4:      layout_basic, minmay_temple_entry_statues_pillars,
          nicolae_ossuary_entry_giza, minmay_misc_feat_more_columns,
          goddamned_bats
Ossuary:  ossuary_kennysheep_city_of_the_dead

Skill      XL: |  1  2  3  4  5  6 |
---------------+-------------------+-----
Invocations    | 1 2 |  2.4
Short Blades   | 1 2 |  2.2
Long Blades    | 1 2 |  2.2
Axes           | 1 2 |  2.2
Polearms       | 1 2 |  2.2
Staves         | 1 2 |  2.2
Slings         | 1 2 |  2.2
Bows           | 1 2 |  2.2
Crossbows      | 1 2 |  2.2
Throwing       | 1 2 |  2.2
Stealth        | 1 2 |  2.2
Shields        | 1 2 |  2.2
Unarmed Combat | 1 2 |  2.2
Spellcasting   | 1 2 |  2.2
Evocations     | 1 2 |  2.2
Conjurations   | 1 |  1.7
Hexes          | 1 |  1.7
Charms         | 1 |  1.7
Summonings     | 1 |  1.7
Necromancy     | 1 |  1.7
Translocations | 1 |  1.7
Transmutations | 1 |  1.7
Fire Magic     | 1 |  1.7
Ice Magic      | 1 |  1.7
Air Magic      | 1 |  1.7
Earth Magic    | 1 |  1.7
Poison Magic   | 1 |  1.7
Dodging        | 3 |  3.4
Armour         | 5 |  5.1
Fighting       | |  6.9
Maces & Flails | |  6.9

Action                   |  1- 3 |  4- 6 |  7- 9 || total
-------------------------+-------+-------+-------++-------
Melee: Mace              |    92 |     3 |       ||    95
       Bite              |     9 |    10 |       ||    19
       Flail             |       |   159 |     1 ||   160
       Punch             |       |     3 |       ||     3
Throw: Dart              |     8 |    35 |       ||    43
  Use: Scroll            |     2 |     4 |     1 ||     7
 Stab: Sleeping          |     2 |     2 |       ||     4
       Paralysed         |     3 |       |       ||     3
  Eat: Chunk             |       |     7 |       ||     7
Armor: Leather armour    |    26 |    45 |     2 ||    73
Dodge: Dodged            |    55 |   108 |     3 ||   166
